 Dungeon Sprint DCSS version 0.21-a0-434-g806c6c2 (webtiles) character file.

1544 theanonym the Basher (level 8, -2/117 HPs)
             Began as a Deep Dwarf Fighter on Nov 8, 2017.
             Was a Believer of Makhleb.
             Slain by a demonic crawler (8 damage)
             ... in the Dungeon (Sprint I: "Red Sonja").
             The game lasted 00:02:33 (127 turns).

theanonym the Basher (Deep Dwarf Fighter)            Turns: 127, Time: 00:02:34

Health: -2/117     AC:  8    Str: 27    XL:     8   Next: 56%
Magic:  14/17      EV: 12    Int:  9    God:    Makhleb [**....]
Gold:   108        SH: 11    Dex: 12    Spells: 7/7 levels left

rFire    . . .     SeeInvis .   a - +0 flail
rCold    . . .     Gourm    .   c - +0 shield
rNeg     . . .     Faith    .   k - +0 scale mail
rPois    .         Spirit   .   (no helmet)
rElec    .         Reflect  .   (no cloak)
rCorr    .         Harm     .   (no gloves)
MR       +....     NoTele   +   (no boots)
Stlth    ..........             (no amulet)
HPRegen  0.00/turn              d - ring of magical power {MP+9}
MPRegen  0.15/turn              (no ring)

@: berserking (expiring), non-regenerating, very quick
A: damage resistance, heal wounds, sense surroundings 1, no regeneration
a: Heal Wounds, Minor Destruction, Renounce Religion


Innate Abilities, Weirdness & Mutations

You are resistant to damage.
You can heal yourself by infusing magical energy.
You passively map a small area around you.
You do not regenerate.


   Skills:
 + Level 6.4 Fighting
 - Level 14.1 Maces & Flails
 + Level 7.7 Armour
 + Level 6.8 Dodging
 + Level 7.7 Shields


You had 7 spell levels left.
You didn't know any spells.

Skill      XL: |  1  2  3  4  5  6  7  8 |
---------------+-------------------------+-----
Maces & Flails | 6 9 12 14 | 14.1
Fighting       | 3 5 6 |  6.4
Armour         | 4 6 7 |  7.7
Dodging        | 2 5 6 |  6.8
Shields        | 4 6 7 |  7.7

Action                   |  1- 3 |  4- 6 |  7- 9 || total
-------------------------+-------+-------+-------++-------
Melee: Flail             |    14 |    16 |    36 ||    66
 Abil: Heal Wounds       |       |     2 |       ||     2
  Use: Potion            |     1 |     1 |     1 ||     3
Armor: Scale mail        |     8 |     1 |    21 ||    30
Dodge: Dodged            |     1 |     2 |    24 ||    27
Block: Shield            |     5 |     1 |    39 ||    45

Inventory:

Hand Weapons
 a - a +0 flail (weapon)
Armour
 c - a +0 shield (worn)
 k - a +0 scale mail (worn)
Jewellery
 d - a ring of magical power (left hand) {MP+9}
   (You found it in the Dungeon)
Scrolls
 b - a scroll of blinking
Potions
 h - a potion of haste
 i - 2 potions of magic
 q - a potion of heal wounds
Comestibles
 f - a bread ration

Dungeon Overview and Level Annotations

Branches:
Dungeon (1/1)

Altars:
Makhleb
Sif Muna
Vehumet
Wu Jian
Xom
Jiyva
Lugonu You were in the Dungeon. You worshipped Makhleb.
Makhleb was pleased with you. You were not hungry. You visited 1 branch You collected 108 gold pieces.


Message History

Your Dodging skill increases to level 5!
Your Shields skill increases to level 6!
You have reached level 8!
You feel stronger.
You regained 14 hp, and now have 37/111 hp.
You hit the demonic crawler. The demonic crawler closely misses you.
The demonic crawler hits you.
The demonic crawler hits you but does no damage.
The kobold demonologist mumbles some strange words.
The demonic crawler hits you.
* * * LOW HITPOINT WARNING * * *
You block the demonic crawler's attack. The demonic crawler barely misses you.
You take 2 damage, and have 35/111 hp.
Unknown command.
You sock the demonic crawler! You block the demonic crawler's attack.
The demonic crawler hits you but does no damage.
The demonic crawler hits you.
* * * LOW HITPOINT WARNING * * *
You take 2 damage, and have 33/111 hp.
You bludgeon the demonic crawler!! The demonic crawler hits you.
* * * LOW HITPOINT WARNING * * *
The demonic crawler hits you but does no damage.
You block the demonic crawler's attack.
You take 3 damage, and have 30/111 hp.
Your shield and scale mail prevent you from hitting the demonic crawler.
The demonic crawler hits you.
You block the demonic crawler's attack. x2
You hit the demonic crawler but do no damage.
The ufetubus disappears in a puff of smoke!
You block the demonic crawler's attack. The demonic crawler closely misses you.
The demonic crawler hits you.
The kobold demonologist casts a spell.
The crimson imp blinks!
You hit the demonic crawler. The demonic crawler closely misses you.
The demonic crawler hits you. You block the demonic crawler's attack.
The demonic crawler hits you.
* * * LOW HITPOINT WARNING * * *
You block the demonic crawler's attack.
The demonic crawler hits you but does no damage.
You take 1 damage, and have 29/111 hp.
You sock the demonic crawler!
The white imp disappears in a puff of smoke!
You block the demonic crawler's attack. The demonic crawler closely misses you.
The demonic crawler hits you.
The crimson imp blinks!
The demonic crawler hits you!
* * * LOW HITPOINT WARNING * * *
The demonic crawler hits you but does no damage.
You block the demonic crawler's attack.
You take 6 damage, and have 23/111 hp.
You bludgeon the demonic crawler!!
You kill the demonic crawler!
Makhleb accepts your kill.
Your Armour skill increases to level 7!
Your Dodging skill increases to level 6!
Your Shields skill increases to level 7!
Unknown command.
You hit the demonic crawler but do no damage.
You block the demonic crawler's attack. x2; The demonic crawler hits you.
* * * LOW HITPOINT WARNING * * *
The demonic crawler hits you. x2
* * * LOW HITPOINT WARNING * * *
The demonic crawler barely misses you.
You take 4 damage, and have 20/114 hp.
You sock the demonic crawler! The demonic crawler hits you.
* * * LOW HITPOINT WARNING * * *
You block the demonic crawler's attack. The demonic crawler barely misses you.
You take 1 damage, and have 19/114 hp.
You sock the demonic crawler! The demonic crawler hits you.
* * * LOW HITPOINT WARNING * * *
You block the demonic crawler's attack.
The demonic crawler hits you but does no damage.
The kobold demonologist mumbles some strange words.
You take 1 damage, and have 18/114 hp.
You thump the demonic crawler! The demonic crawler hits you.
* * * LOW HITPOINT WARNING * * *
The demonic crawler closely misses you. You block the demonic crawler's attack.
The crimson imp shouts, "Turn tail, thou infectious thigh-biting clam!"
The demonic crawler closely misses you. You block the demonic crawler's attack.
The demonic crawler hits you.
You take 3 damage, and have 15/114 hp.
Your shield and scale mail prevent you from hitting the demonic crawler.
You block the demonic crawler's attack. The demonic crawler hits you.
* * * LOW HITPOINT WARNING * * *
The demonic crawler hits you. x2
* * * LOW HITPOINT WARNING * * *
The demonic crawler hits you.
* * * LOW HITPOINT WARNING * * *
The demonic crawler misses you.
You take 9 damage, and have 6/114 hp.
You hit the demonic crawler but do no damage.
You bludgeon the demonic crawler!!
You kill the demonic crawler!
Makhleb accepts your kill.
You can now harness Makhleb's destructive might.
Your Fighting skill increases to level 6!
You block the demonic crawler's attack. The demonic crawler hits you.
The demonic crawler hits you but does no damage.
The sixfirhy misses you.
You hit the demonic crawler. You block the sixfirhy's attack. x2
The demonic crawler hits you!
You die...

##################### *
.)..#..'.$#__#$.@3K4# ,
.#..').#$.'^.'.$#s5.# *
###'#####'#__####55.'..#
#$$#, #[####, #####..+
_#### ##/#≈ ≈ , *+## __
#+#_.+≈≈ , , , , ∩
+..._#≈≈≈ , , , , ,_
#_.#+# ** , _ *##+#, , +
* *


You could see a demonic crawler, an orange demon, a kobold demonologist, a
sixfirhy, an iron imp and 2 crimson imps.

Notes
Turn   | Place    | Note
-------+----------+-------------------------------------------
     0 | D        | theanonym the Deep Dwarf Fighter began the quest for the Orb.
     0 | D        | Reached XP level 1. HP: 20/20 MP: 1/1
     1 | D        | Noticed Ijyb
    13 | D        | Killed Ijyb
    13 | D        | Reached skill level 6 in Maces & Flails
    13 | D        | Reached XP level 2. HP: 27/27 MP: 2/2
    19 | D        | Noticed an ogre
    23 | D        | Killed an ogre
    23 | D        | Reached skill level 9 in Maces & Flails
    23 | D        | Reached XP level 3. HP: 29/33 MP: 3/3
    23 | D        | Reached XP level 4. HP: 35/40 MP: 4/4
    28 | D        | Noticed Sigmund
    37 | D        | Killed Sigmund
    37 | D        | Reached skill level 12 in Maces & Flails
    37 | D        | Reached XP level 5. HP: 44/46 MP: 5/5
    37 | D        | Reached XP level 6. HP: 53/55 MP: 6/6
    46 | D        | Found an ornate altar of the Wu Jian Council.
    46 | D        | Found a deep blue altar of Sif Muna.
    48 | D        | Found a radiant altar of Vehumet.
    63 | D        | Found a burning altar of Makhleb.
    63 | D        | Found a viscous altar of Jiyva.
    63 | D        | Found a shimmering altar of Xom.
    63 | D        | Found a corrupted altar of Lugonu.
    63 | D        | Noticed a slime creature
    70 | D        | Killed a slime creature
    70 | D        | Reached skill level 14 in Maces & Flails
    73 | D        | Became a worshipper of Makhleb the Destroyer
    82 | D        | Noticed a kobold demonologist
    82 | D        | Noticed a floating eye
    83 | D        | Noticed a kobold demonologist
    87 | D        | Killed a floating eye
    87 | D        | Reached skill level 3 in Fighting
    87 | D        | Reached skill level 4 in Armour
    87 | D        | Reached skill level 2 in Dodging
    87 | D        | Reached skill level 4 in Shields
    87 | D        | Reached XP level 7. HP: 62/62 MP: 7/7
    97 | D        | Killed a kobold demonologist
    97 | D        | Reached skill level 4 in Fighting
    97 | D        | Reached skill level 5 in Armour
    97 | D        | Reached skill level 4 in Dodging
    97 | D        | Reached skill level 5 in Shields
    98 | D        | Noticed a demonic crawler
    98 | D        | Noticed a demonic crawler
    98 | D        | Noticed a demonic crawler
    98 | D        | Noticed a demonic crawler
   105 | D        | HP: 45/99 [demonic crawler (7)]
   110 | D        | HP: 28/99 [demonic crawler (3)]
   111 | D        | Killed a demonic crawler
   111 | D        | Reached * piety under Makhleb
   111 | D        | Reached skill level 5 in Fighting
   111 | D        | Reached skill level 6 in Armour
   111 | D        | Reached skill level 5 in Dodging
   111 | D        | Reached skill level 6 in Shields
   111 | D        | Reached XP level 8. HP: 37/74 MP: 8/8
   117 | D        | Noticed a sixfirhy
   117 | D        | HP: 29/111 [demonic crawler (1)]
   119 | D        | Killed a demonic crawler
   119 | D        | Reached skill level 7 in Armour
   119 | D        | Reached skill level 6 in Dodging
   119 | D        | Reached skill level 7 in Shields
   122 | D        | HP: 18/114 [demonic crawler (1)]
   123 | D        | Noticed an orange demon
   124 | D        | HP: 8/114 [demonic crawler (5)]
   126 | D        | Killed a demonic crawler
   126 | D        | Reached ** piety under Makhleb
   126 | D        | Reached skill level 6 in Fighting
   127 | D        | Slain by a demonic crawler

Vanquished Creatures
  A kobold demonologist (D)
  3 demonic crawlers (D)
  A slime creature (D)
  Sigmund (D)
  A floating eye (D)
  An ogre (D)
  A jelly (D)
  Ijyb (D)
10 creatures vanquished.
